 Dungeon Crawl Stone Soup version 0.31-a0-455-g1a7b003ef0 (webtiles) character file.

Game seed: 12149296673435209751

100708 Newt the Markskobold (level 16, -25/88 HPs)
             Began as a Kobold Hunter on Aug 3, 2023.
             Was a High Priest of Hepliaklqana.
             Killed from afar by Jorgrun (67 damage)
             ... with an entropic shot
             ... on level 2 of the Snake Pit.
             The game lasted 00:22:55 (20718 turns).

Newt the Markskobold (Kobold Hunter)               Turns: 20718, Time: 00:22:55

Health: -25/88     AC:  4    Str:  8    XL:     16   Next: 80%
Magic:  26/26      EV: 38    Int: 16    God:    Hepliaklqana [*****.]
Gold:   1023       SH:  0    Dex: 31    Spells: 33/33 levels left

rFire   + . .        X - +8 arbalest of Plog {heavy, Int+4 Dex+3 SInv}
rCold   . . .        (shield currently unavailable)
rNeg    + + .        H - +0 troll leather armour
rPois   +            (helmet currently unavailable)
rElec   .            r - melded +1 cloak
rCorr   .            n - melded +1 pair of gloves
SInv    +            (boots currently unavailable)
Will    +....        B - amulet of Vitality {RegenMP++ Regen++}
Stlth   ++++         N - ring of Ogesyaj {rN+ Dex+3 Slay+3 SInv}
HPRegen 2.74/turn    c - ring "Wadisez" {rPois rF+ rN+ SInv}
MPRegen 1.00/turn

%: no passive effects
@: beast-form, studying 2 skills
A: beast (slay +7), reduced essence, small, no large weapons, nightstalker 3,
hooves 1, low MP 1
a: Begin Untransformation, Renounce Religion, Recall Ancestor, Ancestor
Identity, Transference, Idealise


You were on level 2 of the Snake Pit.
You worshipped Hepliaklqana.
Hepliaklqana was extremely pleased with you.
You were a hulking beast.
You visited 5 branches of the dungeon, and saw 22 of its levels.
You also visited: Ossuary and Gauntlet.

You collected 4531 gold pieces.
You spent 3508 gold pieces at shops.

Inventory:

Hand Weapons
 J - a +8 arbalest of freezing
 X - the +8 arbalest of Plog (weapon) {heavy, Int+4 Dex+3 SInv}
   (You found it on level 1 of the Orcish Mines)

   Int:       It affects your intelligence (+4).
   Dex:       It affects your dexterity (+3).
   SInv:      It lets you see invisible.
Armour
 n - a +1 pair of gloves (melded)
 r - a +1 cloak (melded)
 H - a +0 troll leather armour (worn)
 K - the +2 hat of Mufaodgh {rElec rN+++ Str-2 Stlth+}
   (You found it in a Gauntlet)

   Str:       It affects your strength (-2).
   rElec:     It insulates you from electricity.
   rN:        It renders you almost immune to negative energy.
   Stlth:     It makes you more stealthy.
Jewellery
 a - the ring of Incredulity {rPois rF++ rCorr Str+2 Slay-5}
   (You bought it in a shop on level 2 of the Orcish Mines)

   [ring of poison resistance]

   Str:       It affects your strength (+2).
   Slay:      It affects your accuracy & damage with ranged weapons and melee
   (-5).
   rF:        It greatly protects you from fire.
   rPois:     It protects you from poison.
   rCorr:     It protects you from acid and corrosion.
 c - the ring "Wadisez" (right hand) {rPois rF+ rN+ SInv}
   (You bought it in a shop on level 2 of the Snake Pit)

   [ring of poison resistance]

   rF:        It protects you from fire.
   rPois:     It protects you from poison.
   rN:        It protects you from negative energy.
   SInv:      It lets you see invisible.
 j - a ring of protection from fire
 A - an amulet of reflection
 B - the amulet of Vitality (around neck) {RegenMP++ Regen++}
   (You bought it in a shop on level 4 of the Dungeon)

   [amulet of magic regeneration]

   It increases your rate of magic regeneration.
   Regen:     It increases your rate of health regeneration.
 C - a +5 ring of evasion
 N - the ring of Ogesyaj (left hand) {rN+ Dex+3 Slay+3 SInv}
   (You found it in a Gauntlet)

   [ring of positive energy]

   Dex:       It affects your dexterity (+3).
   Slay:      It affects your accuracy & damage with ranged weapons and melee
   (+3).
   rN:        It protects you from negative energy.
   SInv:      It lets you see invisible.
 T - a ring of wizardry
Talismans
 x - a beast talisman (active)
Wands
 v - a wand of charming (14)
 D - a wand of flame (30)
 E - a wand of quicksilver (10)
 I - a wand of roots (13)
Scrolls
 b - a scroll of butterflies
 e - 16 scrolls of teleportation
 l - 3 scrolls of amnesia
 p - 3 scrolls of revelation
 w - a scroll of blinking
 y - 9 scrolls of identify
 F - a scroll of fog
 L - a scroll of enchant armour
 O - 3 scrolls of fear
 Q - a scroll of torment
 U - a scroll of noise
 W - 2 scrolls of silence
Potions
 d - 4 potions of degeneration
 f - 11 potions of curing
 g - 2 potions of enlightenment
 i - 5 potions of heal wounds
 m - a potion of might
 q - 4 potions of lignification
 u - a potion of berserk rage
 z - 2 potions of brilliance
 G - a potion of attraction
 P - a potion of haste
 S - a potion of resistance
Miscellaneous
 M - a lightning rod (4/4)
 Y - a phial of floods


   Skills:
 + Level 10.4 Fighting
 - Level 20.0 Ranged Weapons
 - Level 20.0 Dodging
 - Level 1.3 Stealth
 - Level 9.0 Spellcasting
 - Level 9.0 Invocations
 - Level 9.0 Evocations
 - Level 10.0 Shapeshifting


You had 33 spell levels left.
You didn't know any spells.
Your spell library contained the following spells:

 Spells                   Type           Power      Damage    Failure   Level
 Apportation              Tloc           14%        N/A       14%         1
 Kiss of Death            Conj/Necr      28%        2d7       14%         1
 Magic Dart               Conj           28%        1d4       14%         1
 Necrotise                Necr           28%        1d5       14%         1
 Summon Small Mammal      Summ           28%        N/A       14%         1
 Blink                    Tloc           14%        N/A       22%         2
 Searing Ray              Conj           14%        2d5       22%         2
 Wereblood                Tmut           7%         N/A       22%         2
 Confusing Touch          Hex            7%         N/A       41%         3
 Hailstorm                Conj/Ice       7%         3d4       41%         3
 Vhi's Electric Charge    Tloc/Air       14%        N/A       41%         3
 Animate Dead             Necr           7%         N/A       82%         4
 Dispel Undead            Necr           7%         3d8       82%         4
 Fulminant Prism          Conj/Hex       3%         3d5       82%         4
 Manifold Assault         Tloc           7%         N/A       82%         4
 Summon Ice Beast         Ice/Summ       7%         N/A       82%         4
 Arcjolt                  Conj/Air       3%         1d13      99%         5
 Irradiate                Conj/Tmut      3%         3d12      99%         5
 Plasma Beam              Fire/Air       3%         2x1d13    100%        6
 Simulacrum               Ice/Necr       3%         N/A       100%        6
 Haunt                    Necr/Summ      3%         N/A       100%        7
 Infestation              Necr           3%         N/A       100%        8
 Maxwell's Capacitive Co  Air            3%         ∞         100%        8


Dungeon Overview and Level Annotations

Branches:
Dungeon (12/15)            Temple (1/1) D:4            Lair (5/5) D:9
 Shoals (0/4) Lair:3        Snake (2/4) Lair:2        Slime (0/5) Lair:5
    Orc (2/2) D:10            Elf (0/3) Orc:2       Ossuary (visited)
Gauntlet (visited)

Altars:
Ashenzari
Cheibriados
Dithmenos
Elyvilon
Fedhas
Gozag
Hepliaklqana
Kikubaaqudgha
Makhleb
Nemelex Xobeh
Okawaru
Qazlal
Ru
Sif Muna
Trog
Uskayaw
Vehumet
Wu Jian
Xom
Yredelemnul
Zin
The Shining One
Jiyva

Shops:
D:1 =   D:4 *(*(=   D:6 (   D:8 ?   Orc:2 =[*(   Snake:2 =

Annotations:
D:5 1 transporter
Snake:2 Jorgrun


Innate Abilities, Weirdness & Mutations

You are a hulking beast.
Your limbs bulge with bestial killing power. (Slay +7)
Your life essence is reduced to manifest your ancestor. (-10% HP)
You are small and have problems with some larger weapons.
You are completely attuned to the shadows.
You have large cloven feet.
Your magical capacity is low. (-10% MP)


Message History

Unknown command.
You shoot a bolt. The bolt hits Aizul!
Aizul is severely wounded.
Aizul hits you!
Henutemipet barely misses Aizul.
Aizul completely misses you.
Unknown command.
You shoot a bolt. The bolt misses Aizul.
Aizul closely misses you. Jorgrun completely misses you. x2
Henutemipet hits Aizul with a +0 broad axe of flaming!!
Henutemipet burns Aizul.
Henutemipet blocks Aizul's attack.
Jorgrun completely misses you. x2
Unknown command.
You shoot a bolt. The bolt hits Aizul!!!
You kill Aizul!
Jorgrun completely misses you. Jorgrun hits you with a staff of earth!
Jorgrun shatters you! Jorgrun hits you with a staff of earth!
Jorgrun shatters you! Jorgrun completely misses you.
Unknown command.
You shoot a bolt. The bolt misses Jorgrun.
Henutemipet misses Jorgrun.
Jorgrun misses you. Jorgrun completely misses you.
Henutemipet hits Jorgrun with a +0 broad axe of flaming.
Henutemipet burns Jorgrun.
Unknown command.
You shoot a bolt. The bolt hits Jorgrun!!!
Jorgrun is heavily wounded.
Jorgrun completely misses you. Jorgrun hits you with a staff of earth!
Jorgrun shatters you! Jorgrun misses you. Jorgrun barely misses you.
Henutemipet hits Jorgrun but does no damage.
Unknown command.
You shoot a bolt. The bolt hits Jorgrun!!
Jorgrun is severely wounded.
Jorgrun gestures at you while chanting. You resist with significant effort.
Henutemipet hits Jorgrun with a +0 broad axe of flaming!
Henutemipet burns Jorgrun.
Unknown command.
You shoot a bolt. The bolt barely misses Jorgrun.
Jorgrun gestures at you while chanting. The entropic shot hits you!!!
Ouch! That really hurt!
You die...

### # ###### #.##
..#.#..######..####
....#......##.....#
##..........##..#
..##..........###..##
...gh.......####..#.#
###R◎.......# #.###.
#..........# #.# #.
#..........## #.# ##
.#.........# #.# #
......# ##.###


You could see the friendly Henutemipet the knight and Jorgrun (ally target).

Vanquished Creatures
  Rupert (D:12)
  Kirke (Lair:4)
  Donald (Snake:2)
  Aizul (Snake:2)
  Nessos (Lair:4)
  2 dire elephants (Lair:5)
  A minotaur (Gauntlet)
  2 ettins (Orc:2)
  2 hydras
  2 anacondas
  2 boulder beetles
  9 death yaks
  A two-headed ogre (D:8)
  4 naga warriors
  A death scarab (Gauntlet)
  2 orc high priests (Orc:1)
  4 naga sharpshooters
  A spectral dire elephant (Lair:5)
  Sonja (Orc:2)
  3 shock serpents
  2 salamander mystics (Snake:2)
  2 spectral death yaks (Lair:5)
  A spectral anaconda (Lair:5)
  3 naga ritualists
  An obsidian statue (Lair:5)
  A spectral hydra (Gauntlet)
  A deep elf pyromancer (D:12)
  9 cyclopes
  An orc sorcerer (Orc:1)
  An oklob plant (Lair:4)
  An ugly thing (D:12)
  2 necromancers (Lair:5)
  9 mana vipers
  16 elephants
  13 salamanders (Snake:2)
  11 black mambas
  A merfolk siren (Lair:3)
  A torpor snail (Lair:1)
  An apocalypse crab (Gauntlet)
  2 naga magi (Snake:1)
  6 cane toads
  A minotaur zombie (Gauntlet)
  A rime drake (Lair:4)
  3 kobold demonologists (D:11)
  7 komodo dragons
  7 trolls
  A polar bear (Lair:5)
  5 spectral elephants (Lair:5)
  17 blink frogs
  A raiju (Gauntlet)
  34 yaks
  A wraith (D:10)
  9 spriggans (Lair:2)
  A shadow (D:12)
  4 basilisks
  5 wyverns
  3 steam dragons
  A hog (Lair:4)
  2 death yak simulacra (Lair:5)
  3 vampire mosquitoes (D:11)
  3 wargs (Orc:1)
  An acid dragon (D:5)
  9 nagas
  15 water moccasins
  Duvessa (D:7)
  7 orc warriors
  2 ice beasts (D:6)
  4 black bears
  7 ogres
  4 centaurs
  An elephant zombie (Lair:5)
  A wolf (Lair:2)
  6 kobold brigands
  6 bullfrogs
  2 gnoll sergeants (D:11)
  3 scorpions
  4 water moccasin zombies (Ossuary)
  8 wights
  Dowan (D:7)
  3 killer bees (D:10)
  5 electric eels
  4 howler monkeys
  8 hounds
  A gnoll bouda (D:4)
  10 orc priests
  Crazy Yiuf (D:5)
  2 sleepcaps (D:6)
  4 iguanas
  11 orc wizards
  2 mummies (Ossuary)
  16 gnolls
  4 adders
  7 adder zombies (Ossuary)
  3 worms
  2 dart slugs
  39 orcs
  9 ball pythons
  5 bats
  5 endoplasms
  4 giant cockroaches
  5 gnoll zombies (Ossuary)
  9 goblins
  8 hobgoblins
  3 quokkas
  A frilled lizard (D:3)
  2 goblin zombies (D:4)
  4 hobgoblin zombies (Ossuary)
  14 kobolds
  A kobold zombie (Ossuary)
  7 orc zombies (Ossuary)
  6 rats
523 creatures vanquished.

Vanquished Creatures (collateral kills)
  A stone giant (Orc:2)
  A dire elephant (Lair:5)
  An ettin (Orc:2)
  A hydra (Lair:2)
  A naga warrior (Snake:1)
  A salamander mystic (Snake:2)
  An orc knight (Orc:2)
  A necromancer (Lair:5)
  2 mana vipers
  2 cyclopes (Orc:2)
  3 salamanders (Snake:2)
  An elephant (Lair:1)
  A komodo dragon (Lair:3)
  A minotaur zombie (Gauntlet)
  7 yaks
  A hog (Lair:4)
  A water moccasin (Lair:5)
  2 wargs (Orc:1)
  2 orc warriors
  An elephant zombie (Lair:5)
  An elephant skeleton (Lair:5)
  A bullfrog (Lair:2)
  4 orc wizards
  7 orcs
  2 butterflies (Lair:1)
47 creatures vanquished.

Vanquished Creatures (others)
  3 ancestors
  2 knights
5 creatures vanquished.

Grand Total: 575 creatures vanquished

Notes
Turn   | Place    | Note
-------+----------+-------------------------------------------
     0 | D:1      | Newt the Kobold Hunter began the quest for the Orb.
     0 | D:1      | Reached XP level 1. HP: 12/12 MP: 1/1
    73 | D:1      | Reached XP level 2. HP: 18/18 MP: 2/2
   164 | D:1      | Found Ahudela's Jewellery Emporium.
   270 | D:1      | Reached XP level 3. HP: 23/23 MP: 3/3
   766 | D:2      | Reached XP level 4. HP: 18/30 MP: 4/4
  1499 | D:2      | Reached skill level 5 in Fighting
  2346 | D:4      | Reached XP level 5. HP: 35/35 MP: 5/5
  2480 | D:4      | Noticed a kobold brigand
  2491 | D:4      | Killed a kobold brigand
  2492 | D:4      | Reached XP level 6. HP: 29/40 MP: 6/6
  2501 | D:4      | Found a sand-covered staircase.
  2507 | Ossuary  | Entered an ossuary
  2590 | Ossuary  | Reached XP level 7. HP: 18/44 MP: 7/7
  3077 | D:4      | Found Agoehe's General Store.
  3116 | D:4      | Found Otashres's Antique Weapon Shop.
  3187 | D:4      | Found Zomuqumu's Weapon Boutique.
  3229 | D:4      | Found Sebis's Jewellery Shop.
  3451 | D:4      | Found a staircase to the Ecumenical Temple.
  3542 | Temple   | Entered the Ecumenical Temple
  3569 | D:4      | Reached skill level 10 in Ranged Weapons
  3665 | D:4      | Found Cobiotih's Assorted Antiques.
  3668 | D:4      | Bought a scroll of identify for 60 gold pieces
  3668 | D:4      | Bought a scroll labelled ARILLEFOYG for 30 gold pieces
  3687 | D:5      | Entered Level 5 of the Dungeon
  4120 | D:5      | Reached XP level 8. HP: 46/49 MP: 8/8
  4237 | D:5      | Reached skill level 5 in Dodging
  4282 | D:5      | Noticed a troll
  4297 | D:5      | Killed a troll
  4837 | D:5      | Found a transporter.
  4936 | D:5      | Reached XP level 9. HP: 58/58 MP: 9/9
  5099 | D:5      | Found a runed translucent door.
  5102 | D:5      | Noticed Crazy Yiuf
  5114 | D:5      | Killed Crazy Yiuf
  5940 | D:6      | Found Peomye's Antique Weapon Shoppe.
  6245 | D:7      | Reached skill level 1 in Shapeshifting
  6472 | D:7      | Found a bloodstained altar of Trog.
  6667 | D:7      | Noticed Duvessa
  6669 | D:7      | Noticed Dowan
  6673 | D:7      | Killed Duvessa
  6678 | D:7      | Killed Dowan
  7353 | D:8      | Noticed a two-headed ogre
  7363 | D:8      | Killed a two-headed ogre
  7364 | D:8      | Reached skill level 5 in Shapeshifting
  7364 | D:8      | Reached XP level 10. HP: 64/64 MP: 10/10
  7366 | D:8      | Found Raefuut's Magic Scroll Boutique.
  7371 | D:8      | Bought a scroll of identify for 24 gold pieces
  7371 | D:8      | Bought a scroll of identify for 24 gold pieces
  8259 | D:9      | Found a staircase to the Lair.
  8259 | D:9      | Noticed an elephant
  8298 | D:9      | Killed an elephant
  8654 | D:9      | Identified 3 scrolls of acquirement
  8655 | D:9      | Acquired 823 gold pieces
  8657 | D:9      | Acquired 1077 gold pieces
  8659 | D:9      | Acquired a manual of Dodging
  8778 | D:4      | Bought the amulet of Vitality {RegenMP++ Regen++} for 1000
                  | gold pieces
  8778 | D:4      | Found the amulet of Vitality {RegenMP++ Regen++}
  8778 | D:4      | Bought a +5 ring of evasion for 360 gold pieces
  9272 | D:9      | Reached XP level 11. HP: 68/68 MP: 11/11
  9322 | D:9      | Found a glowing golden altar of the Shining One.
  9384 | D:10     | Entered Level 10 of the Dungeon
  9445 | D:10     | Reached XP level 12. HP: 73/73 MP: 12/12
  9587 | D:10     | Found a radiant altar of Vehumet.
  9589 | D:10     | Found a glowing silver altar of Zin.
  9613 | D:10     | Found a staircase to the Orcish Mines.
  9805 | D:10     | Found a hazy altar of Hepliaklqana.
  9810 | D:10     | Became a worshipper of Hepliaklqana the Forgotten
 10405 | D:11     | Noticed a boulder beetle
 10421 | D:11     | Killed a boulder beetle
 10687 | D:11     | Gained mutation: You are strong-willed. (Will+) [potion of
                  | mutation]
 10687 | D:11     | Gained mutation: You are frail. (-10% HP) [potion of
                  | mutation]
 11126 | D:12     | Noticed a boulder beetle
 11141 | D:12     | Killed a boulder beetle
 11142 | D:12     | Reached skill level 15 in Ranged Weapons
 11189 | D:12     | Noticed Rupert
 11214 | D:12     | Killed Rupert
 11239 | D:12     | Reached * piety under Hepliaklqana
 11333 | D:12     | Noticed a seven-headed hydra
 11339 | D:12     | Killed a seven-headed hydra
 11347 | D:12     | Reached XP level 13. HP: 61/62 MP: 13/13
 11582 | D:12     | Acquired a +7 arbalest of freezing
 11752 | Lair:1   | Entered Level 1 of the Lair of Beasts
 11780 | Lair:1   | Reached skill level 10 in Shapeshifting
 11801 | Lair:1   | Found a gate leading to a gauntlet.
 11807 | Gauntlet | Entered a Gauntlet
 11807 | Gauntlet | Found a transporter.
 11810 | Gauntlet | Found a transporter.
 11831 | Gauntlet | Found a transporter.
 11843 | Gauntlet | Found a transporter.
 11861 | Gauntlet | Found a transporter.
 11870 | Gauntlet | Found a runed translucent gate.
 11886 | Gauntlet | Found a transporter.
 11886 | Gauntlet | Found a runed translucent gate.
 11887 | Gauntlet | Found a runed translucent gate.
 11895 | Gauntlet | Found a runed translucent door.
 11897 | Gauntlet | Noticed a quicksilver ooze
 11911 | Gauntlet | Found a transporter.
 11921 | Gauntlet | Found a runed translucent door.
 11930 | Gauntlet | Found a transporter.
 11948 | Gauntlet | Found a transporter.
 11960 | Gauntlet | Found a transporter.
 12038 | Gauntlet | Reached skill level 5 in Evocations
 12064 | Gauntlet | Found a transporter.
 12064 | Gauntlet | Found a transporter.
 12069 | Gauntlet | Found a transporter.
 12083 | Gauntlet | Found a transporter.
 12087 | Gauntlet | Identified the +2 hat of Mufaodgh {rElec rN+++ Str-2
                  | Stlth+}
 12110 | Gauntlet | Identified the ring of Ogesyaj {rN+ Dex+3 Slay+3 SInv}
 12137 | Gauntlet | Noticed a minotaur
 12142 | Gauntlet | Killed a minotaur
 12185 | Gauntlet | Identified the +6 long sword "Earthworm" {antimagic, SInv}
 12202 | Gauntlet | Identified the +1 leather armour "Qeim" {Int+4}
 12238 | Lair:1   | Reached ** piety under Hepliaklqana
 12239 | Lair:1   | Remembered your ancestor Henutemipet as a knight
 12307 | Lair:1   | Reached skill level 1 in Spellcasting
 12965 | Lair:1   | Reached skill level 5 in Spellcasting
 13463 | Lair:2   | Reached XP level 14. HP: 67/67 MP: 23/23
 13823 | Lair:2   | Found a staircase to the Snake Pit.
 13953 | Lair:2   | Reached *** piety under Hepliaklqana
 14265 | Lair:3   | Found a staircase to the Shoals.
 14758 | Lair:3   | Reached **** piety under Hepliaklqana
 15161 | Lair:4   | Noticed Nessos
 15168 | Lair:4   | Killed Nessos
 15220 | Lair:4   | Noticed Kirke
 15224 | Lair:4   | Killed Kirke
 15827 | Lair:5   | Entered Level 5 of the Lair of Beasts
 15990 | Lair:5   | Reached XP level 15. HP: 70/70 MP: 28/28
 16384 | Lair:5   | Reached skill level 1 in Invocations
 16409 | Lair:5   | Reached ***** piety under Hepliaklqana
 16540 | Lair:5   | Found a viscous altar of Jiyva.
 16540 | Lair:5   | Found a staircase to the Slime Pits.
 16933 | Lair:5   | Reached skill level 5 in Invocations
 17484 | Orc:1    | Entered Level 1 of the Orcish Mines
 17759 | Orc:1    | Identified the +8 arbalest of Plog {heavy, Int+4 Dex+3
                  | SInv}
 18111 | Orc:2    | Entered Level 2 of the Orcish Mines
 18211 | Orc:2    | Noticed a stone giant
 18216 | Orc:2    | Killed a stone giant
 18250 | Orc:2    | Found Fushe's Antique Weapon Boutique.
 18261 | Orc:2    | Noticed Sonja
 18263 | Orc:2    | Killed Sonja
 18349 | Orc:2    | Found Ziolauk's Jewellery Shop.
 18383 | Orc:2    | Found a staircase to the Elven Halls.
 18428 | Orc:2    | Found Rusin's General Store.
 18433 | Orc:2    | Bought a phial of floods for 560 gold pieces
 18490 | Orc:2    | Found Eloeta's Antique Armour Shop.
 18495 | Orc:2    | Bought a faintly glowing leather armour for 203 gold pieces
 18495 | Orc:2    | Identified the +1 leather armour "Honloo" {MP+9 Dex+7
                  | Slay-3 SInv} (You bought it in a shop on level 2 of the
                  | Orcish Mines)
 18495 | Orc:2    | Bought a slimy robe for 165 gold pieces
 18495 | Orc:2    | Identified the +2 robe of the Terrible God {rElec rF- rCorr
                  | Int-2} (You bought it in a shop on level 2 of the Orcish
                  | Mines)
 18495 | Orc:2    | Bought a transparent robe for 165 gold pieces
 18495 | Orc:2    | Identified the +0 robe of Time Monsters {rPois rCorr Str-4}
                  | (You bought it in a shop on level 2 of the Orcish Mines)
 18792 | Snake:1  | Entered Level 1 of the Snake Pit
 18856 | Lair:2   | Reached XP level 16. HP: 74/74 MP: 29/29
 18990 | Orc:2    | Bought the ring of Incredulity {rPois rF++ rCorr Str+2
                  | Slay-5} for 366 gold pieces
 20159 | Snake:2  | Noticed Donald
 20162 | Snake:2  | Killed Donald
 20267 | Snake:2  | Lost mutation: You are frail. (-10% HP) [potion of
                  | mutation]
 20267 | Snake:2  | Lost mutation: You are strong-willed. (Will+) [potion of
                  | mutation]
 20267 | Snake:2  | Gained mutation: You expend magic power (3 MP) to
                  | strengthen your wands. [potion of mutation]
 20268 | Snake:2  | Lost mutation: You expend magic power (3 MP) to strengthen
                  | your wands. [potion of mutation]
 20268 | Snake:2  | Gained mutation: You do not regenerate when monsters are
                  | visible. [potion of mutation]
 20268 | Snake:2  | Gained mutation: Armour fits poorly on your strangely
                  | shaped body. [potion of mutation]
 20269 | Snake:2  | Lost mutation: Armour fits poorly on your strangely shaped
                  | body. [potion of mutation]
 20269 | Snake:2  | Lost mutation: You do not regenerate when monsters are
                  | visible. [potion of mutation]
 20269 | Snake:2  | Gained mutation: Your magical capacity is low. (-10% MP)
                  | [potion of mutation]
 20269 | Snake:2  | Gained mutation: You have large cloven feet. [potion of
                  | mutation]
 20333 | Snake:2  | Found Ecsu's Jewellery Shoppe.
 20339 | Snake:2  | Bought the ring "Wadisez" {rPois rF+ rN+ SInv} for 551 gold
                  | pieces
 20421 | Snake:2  | Found an opulent altar of Gozag.
 20508 | Snake:2  | Reached skill level 10 in Fighting
 20708 | Snake:2  | Noticed Aizul
 20711 | Snake:2  | Noticed Jorgrun
 20714 | Snake:2  | Killed Aizul
 20718 | Snake:2  | Killed from afar by Jorgrun

Illustrated notes

Levels and vault maps discovered:
D:1:      minmay_arrival_four_houses, layout_rooms, serial_shops,
          nicolae_shop_tiny_statue_garden, minmay_misc_feat_doors,
          interstate_on_off, minmay_tall_x
D:2:      layout_loops_cross, serial_bayou_pond_d, minmay_tromino_i2
D:3:      layout_basic
D:4:      layout_cave_pools, minmay_temple_entry_statues_fountains,
          enter_ossuary_4, serial_shops, nicolae_shop_bloodbath_and_beyond,
          kennysheep_mini, nicolae_shop_advertising_works
          [nicolae_subvault_shop_adworks], shop, shop, minmay_misc_feat_alley,
          nicolae_grassy_gnolls
D:5:      cheibrodos_helix_gallery, layout_cave_pools,
          gammafunk_ghost_mausoleum, minmay_manual_maat, uniq_crazy_yiuf_cottage
D:6:      layout_basic, serial_shops, shop
D:7:      layout_basic, kennysheep_little_box, uniq_duvessa
D:8:      layout_loops_cross, serial_shops, shop
D:9:      layout_basic, tso_oasis_becter, david_lair_generic
D:10:     layout_loops_ring, mainiacjoe_overflow_cross_hatched, minitemple,
          orc_0_dummy
D:11:     layout_roguey
D:12:     layout_basic, uniq_rupert
Temple:   bh_familiar_temple
Lair:1:   layout_cave_pods, gauntlet_entry_generic, lemuel_fruit_fields
Lair:2:   kb_forest_paths, layout_regular_city,
          minmay_snake_entry_guardpost_small, serial_bayou, serial_bayou_pond_b,
          serial_bayou_pond_a, serial_bayou_pond_e, serial_bayou_pond_c
Lair:3:   layout_chaotic_city, minmay_shoals_entry_lonely_mermaid
Lair:4:   layout_long_grid, serial_bayou_pond_b, uniq_nessos, uniq_kirke
Lair:5:   due_jungle_book, layout_long_grid, dpeg_slime_entry_enclosed,
          serial_bayou_crossing, grunt_megastairs_5
Snake:1:  cheibrodos_snake_ritualist_ritual, layout_basic
Snake:2:  layout_chambers, basic_altar, serial_shops,
          nicolae_shop_just_a_little_nook, nicolae_snake_salamander_zone,
          uniq_jorgrun, uniq_aizul, uniq_donald
Orc:1:    layout_caves, nooodl_orcs_dogs
Orc:2:    grunt_orc_gardens, layout_caves, grunt_orc_garden, grunt_orc_garden,
          grunt_orc_garden, grunt_orc_garden, david_defended_altar_orc,
          uniq_sonja

Skill      XL: |  1  2  3  4  5  6  7  8  9 10 11 12 13 14 15 16 |
---------------+-------------------------------------------------+-----
Fighting       | 3 4 5 7 8 10 | 10.4
Ranged Weapons | 7 8 10 11 16 19 20 | 20.0
Dodging        | 4 6 16 18 20 | 20.0
Shapeshifting  | 5 8 9 10 | 10.0
Evocations     | 9 |  9.0
Spellcasting   | 6 9 |  9.0
Invocations    | 9 |  9.0
Stealth        | |  1.3

Action                     |  1- 3 |  4- 6 |  7- 9 | 10-12 | 13-15 | 16-18 || total
---------------------------+-------+-------+-------+-------+-------+-------++-------
   Fire: Shortbow          |    86 |   129 |   348 |   368 |    16 |       ||   947
         Arbalest          |       |       |       |       |   520 |   150 ||   670
 Invoke: Ancestor Life: Kn |       |       |       |       |     1 |       ||     1
    Use: Scroll            |     2 |     8 |    12 |     7 |     8 |     1 ||    38
         Potion            |       |       |     1 |     2 |       |     3 ||     6
 Armour: Leather armour    |    13 |    16 |    26 |       |       |       ||    55
         Acid dragon scale |       |       |    10 |    12 |       |       ||    22
         Troll leather arm |       |       |       |       |    15 |     2 ||    17
  Dodge: Dodged            |    34 |    54 |   145 |   170 |   226 |   136 ||   765
  Block: Other             |       |       |       |    11 |       |       ||    11
   Form: Beast             |       |       |     1 |       |       |       ||     1

Table legend: (Time is in decaauts)
 A = Elapsed time spent in this place.
 B = Non-inter-level travel time spent in this place.
 C = Inter-level travel time spent in this place.
 D = Time resting spent in this place.
 E = Time spent auto-exploring this place.
 F = Levels seen in this place.
 G = Mean time per level.
                   A        B        C        D        E       F      G
               +--------+--------+--------+--------+--------+-----+--------+
         Total |  20911 |  19519 |   1392 |   1922 |  14711 |  24 |  871.3 |
       Dungeon |  11416 |  10588 |    828 |   1498 |   7699 |  12 |  951.3 |
        Temple |      1 |      0 |      1 |      0 |      0 |   1 |    1.0 |
          Lair |   5479 |   5067 |    412 |    113 |   4314 |   5 | 1095.8 |
     Snake Pit |   1730 |   1696 |     34 |     40 |   1319 |   2 |  865.0 |
  Orcish Mines |   1323 |   1208 |    115 |     25 |    964 |   2 |  661.5 |
       Ossuary |    540 |    540 |      0 |    193 |    208 |   1 |  540.0 |
      Gauntlet |    419 |    419 |      0 |     52 |    207 |   1 |  419.0 |
               +--------+--------+--------+--------+--------+-----+--------+

Top non-repeatable levels by time:
     D:5: 1801 daAuts
  Lair:5: 1557 daAuts
     D:9: 1368 daAuts
  Lair:1: 1157 daAuts
     D:7: 1085 daAuts
 Snake:1: 1050 daAuts
  Lair:2: 1039 daAuts
     D:2: 913 daAuts
    D:11: 912 daAuts
    D:10: 912 daAuts
  Lair:3: 900 daAuts
     D:4: 884 daAuts
  Lair:4: 824 daAuts
     D:6: 771 daAuts
     D:1: 726 daAuts
